Map: Dreamcatcher LE

Players

Nerchio - Winner!

  • Race: Zerg Zerg
  • Spawn Location: 5:00

SieGe

  • Race: Terran Terran
  • Spawn Location: 11:00

Event: WCS Austin 2018

VOD

Have the link to the VOD?

Description

Time

  • Played on: June 1, 2018, 1:34 p.m.
  • Length: 5:22

All games in this series

Show
View Real Time Build Order
Export as new Build Order

Nerchio Zerg - Winner!

Build Orders: Pool First 

Get SALT Encoding   

  12  0:00  Drone  
  13  0:12  Overlord  
  13  0:17  Drone  
  14  0:31  Drone x2  
  14  0:34  Drone  
  17  0:45  Spawning Pool  
  17  0:48  Drone  
  17  0:55  Drone  
  18  1:13  Hatchery  
  18  1:16  Extractor  
  18  1:17  Drone  
  17  1:26  Drone  
  17  1:31  Queen  
  20  1:33  Zergling x2  
  20  1:39  Overlord  
  21  1:49  Drone  
  22  2:00  Drone  
  23  2:07  Queen  
  25  2:12  Drone  
  26  2:17  Metabolic Boost  
  26  2:22  Drone  
  27  2:25  Drone  
  28  2:36  Hatchery  
  27  2:40  Drone  
  27  2:41  Drone  
  29  2:45  Drone  
  29  2:48  Drone  
  29  2:50  Drone  
  32  2:53  Drone  
  33  2:58  Overlord  
  33  3:08  Roach Warren  
  33  3:09  Drone  
  33  3:13  Drone x2  
  33  3:16  Drone  
  33  3:18  Drone  
  37  3:20  Drone  
  38  3:28  Overlord  
  38  3:30  Overlord  
  38  3:48  Roach  
  38  3:49  Roach x6  
  38  3:53  Roach  
  54  3:57  Roach x2  
  54  4:00  Overlord  
  58  4:04  Overlord  
  58  4:16  Zergling x2  
  58  4:17  Zergling x12  
  65  4:19  Zergling x2  
  65  4:20  Zergling x2  
  65  4:23  Zergling x2  
  68  4:25  Ravager  
  68  4:28  Zergling x2  
  68  4:30  Zergling x2  
  71  4:31  Zergling x4  
  71  4:32  Zergling x2  
  71  4:34  Zergling x2  
  75  4:40  Zergling x2  
  75  4:43  Overlord  
  76  4:46  Zergling x2  
  76  4:48  Ravager  
  77  4:53  Zergling x2  
  77  4:54  Zergling x2  
  77  4:55  Overlord  
  79  5:00  Overlord  
  79  5:04  Zergling x2  
  79  5:05  Zergling x4  
Show
View Real Time Build Order
Export as new Build Order

SieGe Terran 

Build Orders: Reaper Expand 

Get SALT Encoding   

  12  0:01  SCV  
  13  0:13  SCV  
  14  0:17  Supply Depot  
  14  0:25  SCV  
  15  0:29  Refinery  
  15  0:39  SCV  
  16  0:46  Barracks  
  16  0:51  SCV  
  17  1:03  SCV  
  18  1:15  SCV  
  19  1:32  Orbital Command  
  19  1:34  Reaper  
  20  1:48  Command Center  
  20  1:58  SCV  
  21  2:06  Supply Depot  
  21  2:14  SCV  
  21  2:15  Marine  
  21  2:18  Factory  
  22  2:26  SCV  
  23  2:34  Barracks Reactor  
  23  2:38  SCV  
  23  2:43  Refinery  
  24  2:50  SCV  
  25  3:01  Orbital Command  
  25  3:03  SCV  
  26  3:06  Starport  
  26  3:15  SCV  
  26  3:17  Hellion x2  
  31  3:26  Barracks Tech Lab  
  31  3:27  SCV  
  31  3:29  SCV  
  33  3:38  Hellion  
  33  3:39  Hellion, SCV  
  33  3:41  SCV  
  38  3:48  Viking  
  38  3:50  Marine  
  38  3:51  SCV  
  38  3:53  SCV  
  43  4:00  Supply Depot  
  43  4:02  Supply Depot  
  43  4:03  SCV  
  43  4:05  Hellion  
  46  4:22  SCV x2  
  50  4:24  Armory  
  50  4:25  Supply Depot  
  50  4:28  Cyclone x2  
  54  4:34  SCV x2  
  56  4:40  Supply Depot  
  59  4:46  SCV x2  
  61  4:52  Bunker  
  61  4:56  Bunker  
  60  5:01  Hellion  
  60  5:04  SCV  
Tags
 
Add a new tag
Caveats
  • Supply blocks, unpowered buildings, or Contaminate may cause inaccurate times.
  • Supply counts are checked every 10 seconds.